 Dungeon Crawl Stone Soup version 0.20.1-1-g8b1a95d (webtiles) character file.

112 McKennaii the Gusty (level 4, -2/24 HPs)
             Began as a Tengu Air Elementalist on Aug 3, 2017.
             Hit by a tomahawk thrown by an orc warrior (8 damage)
             ... on level 3 of the Dungeon.
             The game lasted 00:04:08 (3034 turns).

McKennaii the Gusty (Tengu Air Elementalist)        Turns: 3034, Time: 00:04:09

Health: -2/24      AC:  2    Str:  8    XL:     4   Next: 95%
Magic:  7/9        EV: 13    Int: 16    God:
Gold:   128        SH:  0    Dex: 15    Spells: 7/8 levels left

rFire    . . .     SeeInvis .   (no weapon)
rCold    . . .     Gourm    .   (no shield)
rNeg     . . .     Faith    .   a - +0 robe
rPois    .         Spirit   .   (helmet restricted)
rElec    .         Reflect  .   (no cloak)
rCorr    .         Harm     .   (no gloves)
MR       .....                  (boots unavailable)
Stlth    ++........             (no amulet)
Regen    0.1/turn               (no ring)
MPRegen  0.2/turn               (no ring)

@: no status effects
A: beak, talons 3
a: no special abilities


You were on level 3 of the Dungeon.
You were hungry.

You visited 1 branch of the dungeon, and saw 3 of its levels.

You collected 128 gold pieces.

Inventory:

Armour
 a - a +0 robe (worn)
Scrolls
 d - 2 scrolls of remove curse {unknown}
 g - a scroll of amnesia {unknown}
 i - 6 scrolls of identify {unknown}
 m - 2 scrolls of enchant armour {unknown}
 n - a scroll of teleportation {unknown}
 q - a scroll of blinking {unknown}
Potions
 e - a potion of magic {unknown}
 h - a potion of brilliance {unknown}
 j - a potion of might
 k - 2 potions of mutation {unknown}
 l - 2 potions of curing {unknown}
 p - a potion of degeneration {unknown}
 r - a potion of flight {unknown}
Books
 b - a book of Air

   Spells                             Type                      Level
   a - Shock                          Conjuration/Air              1
   b - Swiftness                      Charms/Air                   2
   c - Static Discharge               Conjuration/Air              3
   d - Airstrike                      Air                          4
   e - Lightning Bolt                 Conjuration/Air              5
 t - Jessica's Disquisition on Evil Rituals
   (You found it on level 2 of the Dungeon)

   Spells                             Type                      Level
   a - Sublimation of Blood           Necromancy                   2
Comestibles
 c - 4 bread rations
 f - a royal jelly
 o - 4 fruits


   Skills:
 + Level 0.2 Fighting
 + Level 2.3 Dodging
 + Level 2.0 Stealth
 + Level 2.9 Spellcasting
 * Level 3.4 Conjurations
 * Level 5.3 Air Magic


You had 7 spell levels left.
You knew the following spells:

 Your Spells              Type           Power        Failure   Level  Hunger
a - Shock                 Conj/Air       ###.         3%          1    #......


Dungeon Overview and Level Annotations

Branches:
Dungeon (3/15)

Altars:
Okawaru


Innate Abilities, Weirdness & Mutations

You have a beak for a mouth.
You have claws for feet.


Message History

Press: ? - help, Shift-Dir - straight line, f/p - orc
Aim: an orc, wearing a ring mail (heavily wounded)
The zap hits the orc.
The orc appears unharmed.
The orc is heavily wounded.
The zap hits the orc.
You kill the orc!
The zap hits the orc warrior.
The orc warrior appears unharmed.
The orc warrior throws a tomahawk.
The tomahawk hits you!!
Ouch! That really hurt!
* * * LOW HITPOINT WARNING * * *
Casting: Shock
Confirm with . or Enter, or press ? or * to list all spells.
Aiming: Shock
Press: ? - help, Shift-Dir - straight line, f - orc warrior
Aim: an orc warrior, wielding a halberd and wearing a plate armour
Okay, then.
The orc warrior throws a tomahawk.
The tomahawk closely misses you.
The orc warrior throws a tomahawk.
The tomahawk closely misses you.
The orc warrior throws a tomahawk.
The tomahawk hits you!
You die...

#.# #.# #.# #.# #.# #.#
#######
###########.###.....###
.......................
####.####...@....##......###
......o(.....(...##......#
#####(###.......###......#
.. #.......# #.###### ##
######### #.# #.# #.# #.#


You could see an orc warrior.

Vanquished Creatures
  Jessica (D:2)
  3 adders (D:2)
  3 worms (D:2)
  A leopard gecko (D:2)
  2 orcs (D:3)
  8 bats
  3 giant cockroaches
  2 goblins (D:1)
  5 hobgoblins
  2 jackals (D:2)
  10 kobolds
  A quokka (D:2)
  3 frilled lizards
  5 rats
49 creatures vanquished.

Notes
Turn   | Place    | Note
-------+----------+-------------------------------------------
     0 | D:1      | McKennaii the Tengu Air Elementalist began the quest for the Orb.
     0 | D:1      | Reached XP level 1. HP: 10/10 MP: 4/4
   175 | D:1      | Reached XP level 2. HP: 15/15 MP: 4/6
  1150 | D:1      | You fall through a shaft!
  1224 | D:2      | Reached XP level 3. HP: 19/19 MP: 3/7
  2091 | D:2      | Reached XP level 4. HP: 24/24 MP: 3/9
  2096 | D:2      | Reached skill level 5 in Air Magic
  2192 | D:2      | Found an iron altar of Okawaru.
  2539 | D:2      | Noticed Jessica
  2551 | D:2      | Killed Jessica
  2567 | D:2      | Identified Jessica's Disquisition on Evil Rituals
  3029 | D:3      | Noticed an orc warrior
  3034 | D:3      | Hit by a tomahawk thrown by an orc warrior

Skill      XL: |  1  2  3  4 |
---------------+-------------+-----
Conjurations   | 2 3 |  3.4
Air Magic      | 5 |  5.3
Fighting       | |  0.2
Dodging        | |  2.3
Stealth        | |  2.0
Spellcasting   | |  2.9

Action                   |  1- 3 |  4- 6 || total
-------------------------+-------+-------++-------
Melee: Unarmed           |    15 |    15 ||    30
       Kick              |     2 |     6 ||     8
       Peck              |       |     2 ||     2
 Cast: Shock             |    81 |    32 ||   113
  Use: Potion            |       |     1 ||     1
  Eat: Chunk             |     4 |     3 ||     7
Armor: Robe              |     9 |     4 ||    13
Dodge: Dodged            |    20 |    16 ||    36
